 Dungeon Sprint DCSS version 0.24-a0-243-g8f5f5cd (webtiles) character file.

Game seed: 12328407953478822268

26176 MikeHunt the Warrior (level 13, -14/158 HPs)
             Began as an Ogre Gladiator on Apr 10, 2019.
             Was a High Priest of Okawaru.
             Demolished by the Enchantress
             ... wielding a +1 lajatang of electrocution
              (24 damage)
             ... in the Dungeon (Sprint IV: "Fedhas' Mad Dash").
             The game lasted 00:31:04 (6525 turns).

MikeHunt the Warrior (Ogre Gladiator)               Turns: 6525, Time: 00:31:05

Health: -14/158    AC: 10    Str: 21    XL:     13   Next: 24%
Magic:  0/18       EV: 22    Int:  9    God:    Okawaru [*****.]
Gold:   43         SH:  0    Dex: 19    Spells: 8/12 levels left

rFire    . . .     SeeInvis +   a - +0 lajatang
rCold    . . .     Gourm    .   (shield currently unavailable)
rNeg     . . .     Faith    .   q - +2 robe of Ycikhul {god gift, Dex+5 Stlth-}
rPois    .         Spirit   +   c - +0 hat
rElec    .         Reflect  .   u - scarf {Spirit}
rCorr    .         Harm     .   (gloves unavailable)
MR       .....     NoTele   +   (boots unavailable)
Stlth    +.........             m - amulet of invisibility {+Inv}
HPRegen  0.36/turn              l - ring of see invisible
MPRegen  0.16/turn              w - ring "Xogich" {AC+5 SInv}

@: vulnerable, finesse, cannot translocate, slowed, very slow
A: large, unfitting armour, tough skin 1
a: Heroism, Finesse, Renounce Religion, Evoke Invisibility


You were in the Dungeon.
You worshipped Okawaru.
Okawaru was extremely pleased with you.
You were not hungry.

You visited 1 branch You collected 500 gold pieces.
You spent 457 gold pieces at shops.

Inventory:

Hand Weapons
 a - a +0 lajatang (weapon)
 b - the +8 storm bow {elec, penet}
   (You took it off a spriggan in the Dungeon)

   It charges the ammunition it shoots with electricity; occasionally upon a
   hit, such missiles may discharge and cause terrible harm.
 h - a +0 quarterstaff
 s - the +6 arbalest "Damnation" {damnation}
   (You found it in the Dungeon)
Missiles
 g - 14 sling bullets
 t - 11 arrows
Armour
 c - a +0 hat (worn)
 j - a +0 robe
 q - the +2 robe of Ycikhul (worn) {god gift, Dex+5 Stlth-}
   (Okawaru gifted it to you in the Dungeon)

   It affects your dexterity (+5).
   It makes you less stealthy.
 u - a scarf of spirit shield (worn)
Magical Staves
 r - an uncursed staff of death {unknown}
 x - an uncursed staff of fire
Jewellery
 l - a ring of see invisible (left hand)
 m - the amulet of invisibility (around neck) {+Inv}
   (You found it in the Dungeon)

   [amulet of nothing]

   It lets you turn invisible.
 w - the ring "Xogich" (right hand) {AC+5 SInv}
   (You took it off a spriggan berserker in the Dungeon)

   [ring of protection]

   It affects your AC (+5).
   It lets you see invisible.
 y - the amulet "Huseop" {RegenMP -Tele rF+ Str+2}
   (You found it in the Dungeon)

   [amulet of magic regeneration]

   It increases your magic regeneration.
   It affects your strength (+2).
   It protects you from fire.
   It prevents most forms of teleportation.
Wands
 n - a wand of polymorph (7)
Scrolls
 e - a scroll of identify {unknown}
 v - a scroll of blinking
Potions
 i - 2 potions of magic
 p - a potion of lignification {unknown}
Comestibles
 f - a ration


   Skills:
 - Level 18.1 Fighting
 - Level 14.1 Staves
 + Level 7.9 Bows
 - Level 13.3 Crossbows
 - Level 2.0 Throwing
 - Level 15.4 Dodging
 - Level 5.1 Invocations
 - Level 7.5 Evocations


You had 8 spell levels left.
You knew the following spells:

 Your Spells              Type           Power        Failure   Level  Hunger
a - Passage of Golubria   Tloc           N/A          99%         4    #####..

Your spell library contained the following spells:

 Spells                   Type           Power        Failure   Level  Hunger
 Passwall                 Tmut/Erth      #.......     52%         2    ###....
 Swiftness                Chrm/Air       #.......     52%         2    ###....
 Lee's Rapid Deconstruct  Erth           #.........   100%        5    ######.
 Darkness                 Hex            #.........   100%        6    #######
 Invisibility             Hex            #.......     100%        6    #######


Dungeon Overview and Level Annotations

Branches:
Dungeon (1/1)

Altars:
Cheibriados
Dithmenos
Elyvilon
Gozag
Hepliaklqana
Kikubaaqudgha
Makhleb
Nemelex Xobeh
Okawaru
Qazlal
Ru
Sif Muna
Trog
Uskayaw
Vehumet
Wu Jian
Xom
Yredelemnul
Zin
The Shining One
Beogh
Jiyva
Lugonu

Shops:
D ([(!([[*?%[*=%%}}::(*

Annotations:
D the Enchantress


Innate Abilities, Weirdness & Mutations

You are too large for most types of armour.
You have tough skin. (AC +1)


Message History

You completely miss the Enchantress.
The Enchantress is almost dead.
The Enchantress completely misses you.
You miss the Enchantress.
The Enchantress is severely wounded.
You closely miss the Enchantress.
The Enchantress is severely wounded.
The Enchantress hits you with a +1 lajatang of electrocution!!
* * * LOW HITPOINT WARNING * * *
You are electrocuted!
* * * LOW HITPOINT WARNING * * *
You cannot blink because you are locked down by Dimension Anchor.
The Enchantress is nearby!
The Enchantress is nearby!
The Enchantress is nearby!
Unknown command.
You closely miss the Enchantress.
The Enchantress is severely wounded.
The Enchantress hits you with a +1 lajatang of electrocution!!
You die...

#.......P..# #....'...
###.P....### #....####
###...## ##....#
#....####.....####
#.............'...
#.......).....####
#########################
........♣..♣..♣..♣..♣..♣.
......(i@.............)..
........♣..♣..♣..♣..♣..♣.
#++++####################


You could see the Enchantress (invisible).

Vanquished Creatures
  Agnes (D)
  A ghost moth (D)
  4 spriggan defenders (D)
  4 spriggan berserkers (D)
  4 spriggan druids (D)
  23 oklob plants (D)
  2 moths of wrath (D)
  3 demonic crawlers (D)
  3 burning bushes (D)
  A queen bee (D)
  9 hornets (D)
  3 wandering mushrooms (D)
  2 scorpions (D)
  4 killer bees (D)
  5 oklob saplings (D)
  2 worker ants (D)
  10 spriggans (D)
  A river rat (D)
  A rat (D)
  2 ballistomycetes (D)
  2 ballistomycete spores (D)
87 creatures vanquished.

Vanquished Creatures (others)
  A bush (D)
1 creature vanquished.

Grand Total: 88 creatures vanquished

Notes
Turn   | Place    | Note
-------+----------+-------------------------------------------
     0 | D        | MikeHunt the Ogre Gladiator began the quest for the Orb.
     0 | D        | Reached XP level 1. HP: 22/22 MP: 1/1
    12 | D        | Reached skill level 5 in Staves
    12 | D        | Reached XP level 2. HP: 13/29 MP: 2/2
   191 | D        | Noticed an oklob sapling
   193 | D        | Killed an oklob sapling
   193 | D        | Reached XP level 3. HP: 36/36 MP: 3/3
   199 | D        | Found the amulet of invisibility {+Inv}
   207 | D        | Reached XP level 4. HP: 35/44 MP: 4/4
   542 | D        | Found an opulent altar of Gozag.
   542 | D        | Found a hazy altar of Hepliaklqana.
   542 | D        | Found a roughly hewn altar of Beogh.
   542 | D        | Found a snail-covered altar of Cheibriados.
   550 | D        | Found a viscous altar of Jiyva.
   550 | D        | Found a burning altar of Makhleb.
   550 | D        | Found a sparkling altar of Nemelex Xobeh.
   550 | D        | Found a sacrificial altar of Ru.
   550 | D        | Found a deep blue altar of Sif Muna.
   550 | D        | Found a bloodstained altar of Trog.
   550 | D        | Found an ornate altar of the Wu Jian Council.
   550 | D        | Found a shimmering altar of Xom.
   550 | D        | Found a basalt altar of Yredelemnul.
   550 | D        | Noticed an oklob sapling priest
   551 | D        | Found an iron altar of Okawaru.
   551 | D        | Found a glowing silver altar of Zin.
   551 | D        | Found a shadowy altar of Dithmenos.
   552 | D        | Found an ancient bone altar of Kikubaaqudgha.
   552 | D        | Found a hide-covered altar of Uskayaw.
   553 | D        | Found a stormy altar of Qazlal.
   553 | D        | Found a glowing golden altar of the Shining One.
   553 | D        | Found a white marble altar of Elyvilon.
   554 | D        | Found a corrupted altar of Lugonu.
   554 | D        | Found a radiant altar of Vehumet.
   564 | D        | Killed an oklob sapling priest
   564 | D        | Reached skill level 10 in Staves
   564 | D        | Reached XP level 5. HP: 50/50 MP: 3/5
   571 | D        | Became a worshipper of Warmaster Okawaru
   582 | D        | Reached skill level 3 in Fighting
   582 | D        | Reached skill level 1 in Invocations
   582 | D        | Reached skill level 1 in Evocations
   605 | D        | Reached skill level 4 in Fighting
   615 | D        | Reached skill level 5 in Fighting
   615 | D        | Reached XP level 6. HP: 40/66 MP: 6/8
   796 | D        | Found Huajen's Food Shop.
   796 | D        | Found Gitugoga's Food Emporium.
   800 | D        | Noticed a burning bush
   800 | D        | Noticed a wandering mushroom
   866 | D        | Noticed a wandering mushroom
   886 | D        | HP: 3/66 [scorpion (2)]
   888 | D        | Reached skill level 6 in Fighting
  1148 | D        | Reached skill level 5 in Dodging
  1148 | D        | Reached skill level 5 in Invocations
  1375 | D        | Killed a wandering mushroom
  1375 | D        | Reached skill level 8 in Fighting
  1375 | D        | Reached XP level 7. HP: 44/80 MP: 8/10
  1507 | D        | Bought a ration for 55 gold pieces
  1548 | D        | Killed a burning bush
  1548 | D        | Reached * piety under Okawaru
  1548 | D        | Reached skill level 9 in Fighting
  1627 | D        | Found Keunynlo's Book Emporium.
  1627 | D        | Found Ycusy's Book Shoppe.
  1628 | D        | Found the +6 arbalest "Damnation" {damnation}
  1677 | D        | Noticed a queen bee
  1684 | D        | Reached skill level 10 in Fighting
  1691 | D        | Reached XP level 8. HP: 83/93 MP: 7/11
  1716 | D        | Killed a queen bee
  1716 | D        | Reached ** piety under Okawaru
  2004 | D        | Noticed an oklob plant
  2012 | D        | Noticed a burning bush
  2024 | D        | Killed a burning bush
  2024 | D        | Reached skill level 5 in Evocations
  2197 | D        | Noticed a burning bush
  2197 | D        | Noticed an oklob plant
  2198 | D        | Noticed a wandering mushroom
  2216 | D        | Killed a burning bush
  2353 | D        | Killed an oklob plant
  2353 | D        | Reached *** piety under Okawaru
  2353 | D        | Reached XP level 9. HP: 43/101 MP: 9/13
  2613 | D        | Killed an oklob plant
  2613 | D        | Reached skill level 10 in Dodging
  2801 | D        | Noticed a spriggan druid
  2821 | D        | Killed a spriggan druid
  3055 | D        | Noticed an oklob plant conjurer
  3056 | D        | Killed an oklob plant conjurer
  3056 | D        | Reached **** piety under Okawaru
  3056 | D        | Reached XP level 10. HP: 110/110 MP: 12/15
  3155 | D        | Noticed an oklob plant
  3155 | D        | Noticed an oklob plant summoner
  3158 | D        | Killed an oklob plant
  3159 | D        | Noticed an oklob plant shifter
  3160 | D        | Killed an oklob plant shifter
  3160 | D        | Received a gift from Okawaru
  3160 | D        | Reached skill level 5 in Crossbows
  3165 | D        | Killed an oklob plant summoner
  3560 | D        | Noticed Agnes
  3562 | D        | Noticed a spriggan berserker
  3565 | D        | Killed a spriggan berserker
  3565 | D        | Reached ***** piety under Okawaru
  3566 | D        | Killed Agnes
  3566 | D        | Reached skill level 10 in Crossbows
  3566 | D        | Reached XP level 11. HP: 76/117 MP: 12/16
  3796 | D        | Found Jauhupti's Gadget Emporium.
  3798 | D        | Found Imotai's Gadget Shoppe.
  3801 | D        | Noticed a spriggan defender
  3804 | D        | Killed a spriggan defender
  3804 | D        | Received a gift from Okawaru
  3804 | D        | Reached skill level 11 in Fighting
  3833 | D        | Noticed a spriggan rider
  3836 | D        | Reached skill level 12 in Fighting
  3975 | D        | Noticed a ghost moth
  3979 | D        | Killed a ghost moth
  3979 | D        | Received a gift from Okawaru
  3986 | D        | Found Leczasm's Weapon Shoppe.
  3986 | D        | Found Gesum's Antique Armour Boutique.
  3986 | D        | Found Plog's Antique Weapon Emporium.
  4051 | D        | Noticed an oklob plant shifter
  4051 | D        | Noticed an oklob plant meteorologist
  4232 | D        | Killed an oklob plant meteorologist
  4232 | D        | Received a gift from Okawaru
  4233 | D        | Killed an oklob plant shifter
  4234 | D        | Got a slimy robe {god gift}
  4245 | D        | Identified the +2 robe of Ycikhul {god gift, Dex+5 Stlth-}
                  | (Okawaru gifted it to you in the Dungeon)
  4253 | D        | Noticed a spriggan rider
  4257 | D        | Reached ****** piety under Okawaru
  4259 | D        | Killed a spriggan rider
  4579 | D        | Bought a runed scarf for 192 gold pieces
  4692 | D        | Found Kyq Zeutt's Weapon Shoppe.
  4692 | D        | Found Nanoch's Antique Armour Boutique.
  4692 | D        | Found Qot Goqo's Distillery.
  4692 | D        | Found Yroad's General Store.
  4692 | D        | Found Ceruhona's Antique Armour Shoppe.
  4693 | D        | Found Goevisea's Food Emporium.
  4693 | D        | Found Xupamasu's Antique Armour Shop.
  4693 | D        | Found Amom's Magic Scroll Boutique.
  4716 | D        | Bought 2 scrolls of blinking for 210 gold pieces
  4728 | D        | Noticed an oklob plant summoner
  4729 | D        | Killed an oklob plant summoner
  4730 | D        | Found Pecy's Assorted Antiques.
  4731 | D        | Found Qiecwour's Jewellery Shop.
  4807 | D        | Noticed a spriggan rider
  4811 | D        | Reached skill level 13 in Fighting
  4812 | D        | Found Ecacycos's Weapon Emporium.
  4813 | D        | Found Gaempapa's Assorted Antiques.
  4916 | D        | Noticed an oklob plant
  4916 | D        | Noticed an oklob plant
  4916 | D        | Noticed an oklob plant
  4916 | D        | Noticed an oklob plant
  4916 | D        | Noticed an oklob plant
  4916 | D        | Noticed an oklob plant
  4938 | D        | Noticed an oklob plant demonologist
  4938 | D        | Noticed an oklob plant annihilator
  4941 | D        | Killed an oklob plant demonologist
  4941 | D        | Reached XP level 12. HP: 120/136 MP: 14/17
  4941 | D        | Killed a spriggan berserker
  4941 | D        | Reached skill level 14 in Fighting
  5110 | D        | Got a shimmering golden ring
  5111 | D        | Identified the ring "Xogich" {AC+5 SInv} (You took it off a
                  | spriggan berserker in the Dungeon)
  5118 | D        | Got a faintly glowing crystal amulet
  5120 | D        | Identified the amulet "Huseop" {RegenMP -Tele rF+ Str+2}
                  | (You found it in the Dungeon)
  5163 | D        | Reached skill level 15 in Fighting
  5176 | D        | Received a gift from Okawaru
  5176 | D        | Reached skill level 16 in Fighting
  5292 | D        | Noticed a spriggan defender
  5292 | D        | Noticed a spriggan defender
  5296 | D        | Killed a spriggan defender
  5296 | D        | Received a gift from Okawaru
  5296 | D        | Reached skill level 17 in Fighting
  5300 | D        | Reached skill level 15 in Dodging
  5301 | D        | Killed a spriggan defender
  5304 | D        | Reached skill level 18 in Fighting
  5312 | D        | Learned a level 4 spell: Passage of Golubria
  5540 | D        | Noticed a spriggan berserker
  5540 | D        | Noticed a spriggan berserker
  5545 | D        | Killed a spriggan berserker
  5545 | D        | Reached XP level 13. HP: 158/158 MP: 18/18
  5892 | D        | Reached skill level 5 in Bows
  6077 | D        | Noticed a spriggan defender
  6096 | D        | Killed a spriggan defender
  6485 | D        | Identified the +2 faerie dragon scales {rN+ rCorr HP+5
                  | Str+4 Slay+2}
  6485 | D        | Noticed the Enchantress
  6525 | D        | Demolished by the Enchantress

Levels and vault maps discovered:
D:        dungeon_sprint_fedhas [sprint_temple]

Skill      XL: |  1  2  3  4  5  6  7  8  9 10 11 12 13 |
---------------+----------------------------------------+-----
Staves         | 5 7 8 10 11 13 14 | 14.1
Fighting       | 5 8 10 13 18 | 18.1
Dodging        | 4 6 7 9 11 12 15 | 15.4
Invocations    | 3 5 |  5.1
Evocations     | 2 3 6 7 |  7.5
Crossbows      | 2 10 13 | 13.3
Bows           | 3 7 |  7.9
Throwing       | |  2.0

Action                   |  1- 3 |  4- 6 |  7- 9 | 10-12 | 13-15 || total
-------------------------+-------+-------+-------+-------+-------++-------
Melee: Quarterstaff      |    17 |    66 |   118 |    16 |       ||   217
       Lajatang          |       |       |       |       |    48 ||    48
 Fire: Arbalest          |       |       |     1 |    77 |       ||    78
       Longbow           |       |       |       |     4 |    13 ||    17
Throw: Throwing net      |     2 |       |     2 |       |     2 ||     6
Invok: Heroism           |       |       |     4 |     6 |     4 ||    14
       Finesse           |       |       |       |       |     4 ||     4
 Abil: Evoke Invisibilit |       |     5 |     7 |     5 |       ||    17
  Use: Potion            |       |     3 |       |     1 |     1 ||     5
       Scroll            |       |       |     1 |       |     1 ||     2
 Stab: Sleeping          |     2 |       |       |       |       ||     2
       Held in net/web   |     2 |       |       |       |       ||     2
       Invisible         |       |     2 |    14 |       |       ||    16
  Eat: Ration            |       |     1 |     2 |     3 |     1 ||     7
       Chunk             |       |       |     1 |     1 |       ||     2
Armor: Robe              |     2 |       |     1 |     3 |     3 ||     9
Dodge: Dodged            |     6 |    33 |    34 |    36 |    25 ||   134

Table legend:
 A = Non-vault XP
 B = Vault XP
 C = Vault XP percentage of total XP
 D = Non-vault monster count
 E = Vault monster count
 F = Vault count percentage of total count
                 A         B        C        D         E       F
            +---------+---------+-------+---------+---------+-------
      Total |    1409 |   35986 |  96.2 |       5 |      78 |  94.0
            +---------+---------+-------+---------+---------+-------
          D |    1409 |   35986 |  96.2 |       5 |      78 |  94.0
            +---------+---------+-------+---------+---------+-------
